 Dungeon Crawl Stone Soup version 0.27-a0-1529-g1e82c303ef (webtiles) character file.

Game seed: 6627471209241943116

353 Sin92 the Skirmisher (level 6, 0/48 HPs)
             Began as a Demonspawn Fighter on July 12, 2021.
             Slain by Grinder (3 damage)
             ... on level 3 of the Dungeon.
             The game lasted 00:02:38 (2686 turns).

Sin92 the Skirmisher (Demonspawn Fighter)           Turns: 2686, Time: 00:02:38

Health: 0/48       AC:  8    Str: 19    XL:     6   Next: 35%
Magic:  6/6        EV:  8    Int:  9    God:
Gold:   110        SH:  9    Dex: 12    Spells: 5/5 levels left

rFire    . . .     SeeInvis .   a - +1 war axe
rCold    . . .     Faith    .   c - +0 kite shield
rNeg     . . .     Spirit   .   b - +0 scale mail
rPois    .         Reflect  .   (no helmet)
rElec    .         Harm     .   g - +0 cloak
rCorr    .         Rampage  .   (no gloves)
Will     .....                  (no boots)
Stlth    ..........             (no amulet)
HPRegen  0.16/turn              (no ring)
MPRegen  0.10/turn              (no ring)

@: no status effects
A: claws 2, ignite blood 2
a: no special abilities


You were on level 3 of the Dungeon.
You visited 1 branch of the dungeon, and saw 3 of its levels.

You collected 110 gold pieces.

Inventory:

Hand Weapons
 a - a +1 war axe (weapon)
Armour
 b - a +0 scale mail (worn)
 c - a +0 kite shield (worn)
 g - a +0 cloak (worn)
Scrolls
 d - a scroll of silence {unknown}
Potions
 e - a potion of might


   Skills:
 + Level 4.1 Fighting
 + Level 3.1 Axes
 + Level 3.8 Armour
 + Level 2.3 Dodging
 + Level 3.7 Shields


You had 5 spell levels left.
You didn't know any spells.
Your spell library contained the following spells:

 Spells                   Type           Power      Damage    Failure   Level
 Static Discharge         Conj/Air       0%         N/A       100%        2
 Dispel Undead            Necr           0%         3d6       100%        4
 Sticky Flame             Conj/Fire      0%         2d3       100%        4


Dungeon Overview and Level Annotations

Branches:
Dungeon (3/15)

Altars:

Annotations:
D:3 Grinder


Innate Abilities, Weirdness & Mutations

You have very sharp fingernails.
Your demonic aura often causes spilled blood to erupt in flames.


Message History

Grinder gestures at you. Pain shoots through your body!
Unknown command.
Grinder is nearby!
You block Grinder's attack.
Unknown command.
Grinder is nearby!
You slash Grinder!
Grinder is moderately wounded.
Grinder hits you but does no damage. You block Grinder's attack.
Unknown command.
Grinder is nearby!
You hit Grinder.
Grinder is moderately wounded.
Grinder hits you. x2; You writhe in agony.
Unknown command.
You hit Grinder.
Grinder is moderately wounded.
You block Grinder's attack.
You closely miss Grinder.
Grinder is moderately wounded.
Grinder hits you. You block Grinder's attack.
Unknown command.
Your scale mail prevents you from hitting Grinder.
Grinder is moderately wounded.
Grinder gestures at you. Pain shoots through your body!
Unknown command.
You hit Grinder.
Grinder is heavily wounded.
Grinder gestures at you. Pain shoots through your body!
* * * LOW HITPOINT WARNING * * *
Grinder hits you but does no damage.
You hit Grinder.
Grinder is heavily wounded.
Grinder hits you.
* * * LOW HITPOINT WARNING * * *
You writhe in agony.
You die...

#.#...#.#.# #..
#.#...#.#.# #.#
#.#...# #. #.#
###.#...#.#. #.#
#.........#.####.#
#.#.###.###.#....#
#.#.....# #.#....'
#.####### #.#....#
#@# #...####
#...5.# #######.#
#.....#
........###
#......
.####.....##
###.... #.###.#.
#..... #.....+.
#..... #.###.#.#.
#...... #.......#.
##.....(..


You could see Grinder.

Vanquished Creatures
  Sigmund (D:2)
  Crazy Yiuf (D:2)
  Terence (D:2)
  Natasha (D:2)
  Robin (D:2)
  3 adders (D:2)
  A dart slug (D:2)
  2 ball pythons
  4 endoplasms (D:1)
  A giant cockroach (D:2)
  8 goblins
  9 hobgoblins
  5 jackals
  6 quokkas
  7 bats
  A frilled lizard (D:1)
  5 kobolds
  4 rats
61 creatures vanquished.

Vanquished Creatures (others)
  A fungus (D:2)
1 creature vanquished.

Grand Total: 62 creatures vanquished

Notes
Turn   | Place    | Note
-------+----------+-------------------------------------------
     0 | D:1      | Sin92 the Demonspawn Fighter began the quest for the Orb.
     0 | D:1      | Reached XP level 1. HP: 18/18 MP: 1/1
    86 | D:1      | Gained mutation: You have sharp fingernails. [demonic
                  | ancestry]
    86 | D:1      | Reached XP level 2. HP: 22/24 MP: 2/2
   668 | D:1      | Gained mutation: Your demonic aura sometimes causes spilled
                  | blood to erupt in flames. [demonic ancestry]
   668 | D:1      | Reached XP level 3. HP: 24/29 MP: 3/3
   908 | D:2      | Noticed Natasha
   915 | D:2      | HP: 1/29 [Natasha/magic dart (8)]
   917 | D:2      | Killed Natasha
   918 | D:2      | Reached skill level 1 in Dodging
  1216 | D:2      | Noticed Robin
  1222 | D:2      | Killed Robin
  1223 | D:2      | Gained mutation: You have very sharp fingernails. [demonic
                  | ancestry]
  1223 | D:2      | Reached XP level 4. HP: 13/35 MP: 4/4
  1270 | D:2      | Noticed Natasha
  1515 | D:2      | Noticed Terence
  1530 | D:2      | Killed Terence
  1768 | D:2      | Gained mutation: Your demonic aura often causes spilled
                  | blood to erupt in flames. [demonic ancestry]
  1768 | D:2      | Reached XP level 5. HP: 33/42 MP: 5/5
  2132 | D:2      | Noticed Sigmund
  2141 | D:2      | Killed Sigmund
  2142 | D:2      | Reached skill level 4 in Fighting
  2142 | D:2      | Reached XP level 6. HP: 19/48 MP: 6/6
  2371 | D:2      | Found a runed translucent door.
  2372 | D:2      | Noticed Crazy Yiuf
  2474 | D:2      | Killed Crazy Yiuf
  2515 | D:3      | Found a faded altar of an unknown god.
  2675 | D:3      | Noticed Grinder
  2675 | D:3      | Paralysed by Grinder for 3 turns
  2686 | D:3      | Slain by Grinder

Illustrated notes

Levels and vault maps discovered:
D:1:      mainiacjoe_arrival_reflecting_pool, layout_loops_ring
D:2:      minmay_wonky_spiral, layout_basic, uniq_natasha, uniq_terence,
          uniq_sigmund, uniq_crazy_yiuf_cottage, uniq_robin
D:3:      layout_basic, mainiacjoe_overflow_big_doors, gammafunk_ghost_grave,
          shapermc_ecumenical_altar_starsandcircs, uniq_grinder

Skill      XL: |  1  2  3  4  5 |
---------------+----------------+-----
Axes           | 2 3 |  3.1
Armour         | 3 |  3.8
Dodging        | 1 2 |  2.3
Shields        | 3 |  3.7
Fighting       | 4 |  4.1

Action                   |  1- 3 |  4- 6 || total
-------------------------+-------+-------++-------
Melee: War axe           |    84 |    88 ||   172
  Use: Potion            |     3 |     2 ||     5
       Scroll            |     2 |     2 ||     4
Armor: Scale mail        |    44 |    35 ||    79
Dodge: Dodged            |    24 |    34 ||    58
Block: Kite shield       |    47 |    41 ||    88

Table legend: (Time is in decaauts)
 A = Elapsed time spent in this place.
 B = Non-inter-level travel time spent in this place.
 C = Inter-level travel time spent in this place.
 D = Time resting spent in this place.
 E = Time spent auto-exploring this place.
 F = Levels seen in this place.
 G = Mean time per level.
                   A        B        C        D        E       F      G
               +--------+--------+--------+--------+--------+-----+--------+
         Total |   2818 |   2772 |     46 |    566 |   1748 |   3 |  939.3 |
       Dungeon |   2818 |   2772 |     46 |    566 |   1748 |   3 |  939.3 |
               +--------+--------+--------+--------+--------+-----+--------+

Top non-repeatable levels by time:
     D:2: 1685 daAuts
     D:1: 953 daAuts
     D:3: 178 daAuts
